 Dungeon Crawl Stone Soup version 0.19.0-2-gae57169 (webtiles) character file.

108 mopl the Sneak (level 4, -1/29 HPs)
             Began as an Octopode Warper on Nov 4, 2016.
             Splashed by a jelly's acid (6 damage)
             ... on level 3 of the Dungeon.
             The game lasted 00:02:55 (1640 turns).

mopl the Sneak (Octopode Warper)                    Turns: 1640, Time: 00:02:56

Health: -1/29      AC: -3    Str: 10    XL:     4   Next: 87%
Magic:  7/7        EV: 13    Int: 15    God:
Gold:   113        SH:  0    Dex: 12    Spells: 1 memorised, 5 levels left

rFire  . . .     SeeInvis .     a - +0 falchion
rCold  . . .     Gourm    .     (no shield)
rNeg   . . .     Faith    .     (helmet restricted)
rPois  .         Spirit   .     (no amulet)
rElec  .         Reflect  .     t - ring of wizardry
rCorr  .         Harm     .     (no ring)
MR     .....                    (no ring)
Stlth  +++.......               (no ring)
                                (no ring)
                                (no ring)
                                (no ring)
                                (no ring)

@: corroded, drained
A: almost no armour, stealthy swim, amphibious, 8 rings, constrict 8, camouflage
1, gelatinous body 1
a: no special abilities


You were on level 3 of the Dungeon.
You were not hungry.

You visited 1 branch of the dungeon, and saw 4 of its levels.

You collected 113 gold pieces.

Inventory:

Hand Weapons
 a - a +0 falchion (weapon)
 b - a +0 dagger
Missiles
 d - 5 tomahawks of dispersal (quivered)
Jewellery
 t - a ring of wizardry (left tentacle)
Scrolls
 c - a scroll of blinking
 g - a scroll of recharging {unknown}
 i - 3 scrolls of identify {unknown}
 k - 2 scrolls of teleportation {unknown}
 o - a scroll of immolation {unknown}
 p - a scroll of noise {unknown}
 r - a scroll of enchant weapon {unknown}
 s - a scroll of enchant armour {unknown}
 u - a scroll of amnesia {unknown}
Potions
 e - a potion of flight {unknown}
 j - 3 potions of curing {unknown}
 l - 3 potions of heal wounds {unknown}
 m - a potion of agility {unknown}
Books
 h - a book of Spatial Translocations

   Spells                             Type                      Level
   a - Blink                          Translocation                2
   b - Shroud of Golubria             Charms/Translocation         2
   c - Lesser Beckoning               Translocation                3
   d - Portal Projectile              Translocation                3
   e - Teleport Other                 Translocation                3
   f - Passage of Golubria            Translocation                4
Comestibles
 f - 5 bread rations
 n - a royal jelly
 v - a beef jerky


   Skills:
 - Level 2.0(1.0) Fighting
 * Level 3.8(2.7) Long Blades
 - Level 1.0(0.0) Throwing
 - Level 2.3(1.3) Dodging
 + Level 4.1(3.1) Stealth
 - Level 2.0(1.0) Spellcasting
 - Level 3.0(2.0) Translocations


You had 5 spell levels left.
You knew the following spells:

 Your Spells              Type           Power        Failure   Level  Hunger
e - Blink                 Tloc           N/A          7%          2    ###....


Dungeon Overview and Level Annotations

Branches:
Dungeon (4/15)
 Temple: D:4-7

Altars:


Innate Abilities, Weirdness & Mutations

You cannot wear most types of armour.
You are very stealthy in the water. (Stealth+)
You are amphibious.
You can wear up to eight rings at the same time.
You can use your tentacles to constrict eight enemies at once.
Your skin changes colour to match your surroundings (Stealth+).
Your rubbery body absorbs attacks. (AC +1, EV +1)


Message History

You hit the dart slug. You grab the dart slug.
The dart slug is lightly wounded.
You constrict the dart slug. The dart slug bites you.
You hit the dart slug. You squeeze the dart slug.
You kill the dart slug!
You see here a dart slug corpse.
b - a +0 dagger (weapon)
The helpless jelly fails to defend itself.
You puncture the jelly!
Your tentacles burn!
The jelly is severely wounded.
The jelly hits you.
You are splashed with acid!
The acid burns!
a - a +0 falchion (weapon)
You hit the jelly but do no damage.
Your tentacles burn!
The jelly is severely wounded.
The jelly hits you.
You are splashed with acid!
The acid burns!
* * * LOW HITPOINT WARNING * * *
The jelly hits you.
* * * LOW HITPOINT WARNING * * *
The acid corrodes you!
You are splashed with acid!
The acid burns!
You die...

#
#...#####
# #...# #
#...# #
...###...#
#
.........#
####
######.#†#
...#
...#.#
##.#
#####.#
##... #@#
######
#J.......
#
########.
#


You could see a jelly.

Vanquished Creatures
  A worker ant (D:3)
  3 adders
  2 dart slugs
  A worm (D:2)
  A leopard gecko (D:1)
  An orc (D:3)
  7 bats
  2 giant cockroaches (D:1)
  3 hobgoblins
  5 jackals
  2 quokkas (D:2)
  2 frilled lizards
  5 goblins
  9 kobolds
  2 rats
46 creatures vanquished.

Notes
Turn   | Place    | Note
-------+----------+-------------------------------------------
     0 | D:1      | mopl the Octopode Warper began the quest for the Orb.
     0 | D:1      | Reached XP level 1. HP: 14/14 MP: 3/3
    38 | D:1      | Reached skill level 1 in Stealth
   175 | D:1      | Reached XP level 2. HP: 16/19 MP: 5/5
   176 | D:1      | Reached skill level 2 in Stealth
   545 | D:1      | Reached XP level 3. HP: 23/24 MP: 6/6
   664 | D:2      | Learned a level 2 spell: Blink
   747 | D:2      | Reached skill level 3 in Stealth
   868 | D:2      | Reached skill level 3 in Long Blades
   947 | D:2      | You fall through a shaft for 2 floors!
  1106 | D:3      | Reached XP level 4. HP: 27/29 MP: 7/7
  1535 | D:3      | Reached skill level 4 in Stealth
  1640 | D:3      | Splashed by a jelly's acid

Skill      XL: |  1  2  3  4 |
---------------+-------------+-----
Stealth        | 1 2 3 4 |  4.1
Long Blades    | 3 |  3.8
Fighting       | |  2.0
Throwing       | |  1.0
Dodging        | |  2.3
Spellcasting   | |  2.0
Translocations | |  3.0

Action                   |  1- 3 |  4- 6 || total
-------------------------+-------+-------++-------
Melee: Falchion          |    63 |    19 ||    82
       Constrict         |    22 |     7 ||    29
       Tentacles         |     9 |     6 ||    15
       Dagger            |       |     4 ||     4
 Stab: Sleeping          |    12 |     4 ||    16
  Eat: Chunk             |     1 |     1 ||     2
Armor: Skin              |     4 |     2 ||     6
Dodge: Dodged            |    56 |    12 ||    68
       Rpst.: Falchion   |    19 |     2 ||    21
